 Dungeon Crawl Stone Soup version 0.30-a0-847-g17996783a1 (webtiles) character file.

Game seed: 1728839019196700760

179 Pimp the Covered (level 5, -3/72 HPs)
             Began as an Armataur Fighter on Mar 3, 2023.
             Slain by a gnoll
             ... wielding a +0 whip
              (5 damage)
             ... on level 4 of the Dungeon.
             The game lasted 00:04:10 (2395 turns).

Pimp the Covered (Armataur Fighter)                 Turns: 2395, Time: 00:04:11

Health: -3/72      AC:  9    Str: 23    XL:     5   Next: 33%
Magic:  5/5        EV:  5    Int:  8    God:
Gold:   221        SH:  4    Dex: 10    Spells: 4/4 levels left

rFire   . . .      SeeInvis .    a - +0 war axe
rCold   . . .      Faith    .    c - +0 buckler
rNeg    . . .      Spirit   .    h - +0 chain mail
rPois   .          Reflect  .    (no helmet)
rElec   .          Roll     +    (no cloak)
rCorr   .                        j - +0 pair of gloves
Will    .....                    (no barding) Stlth
                                 (no amulet)
HPRegen 0.32/turn                (no ring)
MPRegen 0.09/turn                (no ring)

@: berserking, weak-willed, attractive, hasted, very quick
A: large, rugged brown scales 3, deformed body, armoured tail, roll, long
tongue, awkward tongue
a: no special abilities


You were on level 4 of the Dungeon.
You visited 1 branch of the dungeon, and saw 4 of its levels.

You collected 221 gold pieces.

Inventory:

Hand Weapons
 a - a +0 war axe (weapon)
Armour
 b - a +0 scale mail
 c - a +0 buckler (worn)
 h - a +0 chain mail (worn)
 j - a +0 pair of gloves (worn)
Jewellery
 n - a +5 ring of evasion
Scrolls
 f - a scroll of amnesia
 o - a scroll of identify
Potions
 d - a potion of might
 l - a potion of brilliance {unknown}
 m - a potion of curing {unknown}
 p - a potion of magic {unknown}
 q - a potion of heal wounds {unknown}
 r - a potion of ambrosia {unknown}
 t - a potion of mutation {unknown}


   Skills:
 + Level 3.6 Fighting
 + Level 2.6 Axes
 + Level 4.8 Armour
 + Level 4.3 Shields


You had 4 spell levels left.
You didn't know any spells.
Your spell library contained the following spells:

 Spells                   Type           Power      Damage    Failure   Level
 Foxfire                  Conj/Fire      0%         2x1d4     98%         1
 Fireball                 Conj/Fire      0%         3d3       100%        5
 Starburst                Conj/Fire      0%         6d3       100%        6


Dungeon Overview and Level Annotations

Branches:
Dungeon (4/15)
 Temple: D:4-7

Altars:
Kikubaaqudgha
Qazlal


Innate Abilities, Weirdness & Mutations

You are completely covered in rugged brown scales. (AC +3, +7% HP)
Armour fits poorly on your strangely shaped body.
You have a long armoured tail.
You roll when moving toward enemies. (Rampage)
Your long tongue fully drains potion bottles. (2x potion effects)
Your tongue gives you trouble enunciating. (1.5x scroll delay)


Message History

* * * LOW HITPOINT WARNING * * *
You block the gnoll's attack. The gnoll closely misses you.
The air fills with toxic fumes!
As you slowly read the scroll labelled WUICRAI LOKADD, it crumbles to dust.
It was a scroll of poison.
The orc barely misses you.
The iguana bites you but does no damage.
You block the gnoll's attack. The gnoll hits you but does no damage.
You slurp down every last drop of the grey potion!
It was a potion of attraction.
You feel attractive to monsters. The orc hits you but does no damage.
The iguana bites you but does no damage.
The gnoll hits you but does no damage. x2; The gnoll is attracted toward you.
The orc is attracted toward you.
You slurp down every last drop of the viscous grey potion!
It was a potion of berserk rage.
A red film seems to cover your vision as you go berserk!
You feel yourself moving faster!
You feel mighty!
The orc is engulfed in poison gas.
The orc is poisoned.
The orc hits you but does no damage. You block the iguana's attack.
The gnoll hits you but does no damage. x2; The gnoll is engulfed in poison gas.
The gnoll is poisoned.
You barely miss the iguana.
Your tail-slap misses the iguana.
You barely miss the gnoll. You hit the gnoll. You closely miss the orc.
The orc is engulfed in poison gas.
The orc looks even sicker.
The orc barely misses you. The iguana barely misses you.
The gnoll hits you but does no damage. The gnoll hits you with a +0 flail.
* * * LOW HITPOINT WARNING * * *
The gnoll is engulfed in poison gas.
The gnoll looks even sicker.
You barely miss the iguana. You barely miss the gnoll.
You closely miss the orc. You closely miss the gnoll. You slash the iguana!
You kill the iguana!
You barely miss the gnoll. You hit the gnoll. You closely miss the orc.
The orc is engulfed in poison gas.
The orc looks even sicker.
You kill the orc!
The orc hits you with a +0 whip.
* * * LOW HITPOINT WARNING * * *
The gnoll hits you with a +0 whip.
You die...

#.............#
#.....#§§##§§..#
......#§§§#§...#
..####§§§§§...#
.# #§§§§§###..
##§§§## ##
#§§§§§# ##§§§§§#
#§§o@###
#§§g†g§§#
##§§Kg§§#
#§###g§§§§ #§§
§§.§§§§ §§§.
§§§§§§§ §§§.
§§§§§§§ #§§
§§§§§§§


You could see 4 gnolls, an orc (weak-willed) and a kobold (weak-willed).

Vanquished Creatures
  An orc priest (D:4)
  A hound (D:4)
  An iguana (D:4)
  An orc wizard (D:3)
  3 adders (D:2)
  11 orcs
  2 ball pythons
  6 endoplasms
  2 giant cockroaches
  5 goblins
  3 hobgoblins
  4 jackals (D:2)
  2 kobolds
  2 quokkas
  5 bats
  3 frilled lizards
  6 rats
58 creatures vanquished.

Notes
Turn   | Place    | Note
-------+----------+-------------------------------------------
     0 | D:1      | Pimp the Armataur Fighter began the quest for the Orb.
     0 | D:1      | Reached XP level 1. HP: 19/19 MP: 1/1
    24 | D:1      | Found a faded altar of an unknown god.
   195 | D:1      | Reached XP level 2. HP: 26/26 MP: 2/2
  1000 | D:2      | Reached XP level 3. HP: 29/33 MP: 3/3
  1647 | D:3      | Reached XP level 4. HP: 36/40 MP: 4/4
  2120 | D:3      | Noticed an earth elemental
  2126 | D:3      | Found a stormy altar of Qazlal.
  2127 | D:3      | Noticed a fire elemental
  2127 | D:3      | Noticed a water elemental
  2127 | D:3      | Noticed an air elemental
  2163 | D:3      | Found an ancient bone altar of Kikubaaqudgha.
  2328 | D:4      | Reached XP level 5. HP: 48/48 MP: 5/5
  2395 | D:4      | HP: 2/72 [orc/+0 whip (3)]
  2395 | D:4      | Slain by a gnoll

Illustrated notes

Levels and vault maps discovered:
D:1:      roderic_crop_circles_arrival_small, layout_basic,
          shapermc_ecumenical_altar_pompeii, feat_on_display
D:2:      layout_basic, minivault_24
D:3:      layout_loops_ring, kiku_gazebo_pond_becter,
          nicolae_qazlal_style_of_elements
D:4:      minmay_chambers_of_threes, layout_cave_pools,
          mainiacjoe_overflow_surrounded_room, minmay_temple_entry_large_hall,
          gammafunk_ghost_grave, uniq_ijyb

Skill      XL: |  1  2  3  4 |
---------------+-------------+-----
Armour         | 4 |  4.8
Fighting       | 3 |  3.6
Axes           | 2 |  2.6
Shields        | 4 |  4.3

Action                     |  1- 3 |  4- 6 || total
---------------------------+-------+-------++-------
  Melee: War axe           |    92 |    67 ||   159
         Tailslap          |     7 |     4 ||    11
    Use: Scroll            |       |     7 ||     7
         Potion            |       |     4 ||     4
 Armour: Scale mail        |    11 |       ||    11
         Chain mail        |    46 |    74 ||   120
  Dodge: Dodged            |    29 |    27 ||    56
  Block: Buckler           |    19 |    19 ||    38

Table legend: (Time is in decaauts)
 A = Elapsed time spent in this place.
 B = Non-inter-level travel time spent in this place.
 C = Inter-level travel time spent in this place.
 D = Time resting spent in this place.
 E = Time spent auto-exploring this place.
 F = Levels seen in this place.
 G = Mean time per level.
                   A        B        C        D        E       F      G
               +--------+--------+--------+--------+--------+-----+--------+
         Total |   2462 |   2319 |    143 |    130 |   1684 |   4 |  615.5 |
       Dungeon |   2462 |   2319 |    143 |    130 |   1684 |   4 |  615.5 |
               +--------+--------+--------+--------+--------+-----+--------+

Top non-repeatable levels by time:
     D:1: 878 daAuts
     D:3: 790 daAuts
     D:2: 664 daAuts
     D:4: 128 daAuts
